 Seeded DCSS version 0.31-a0-620-gd1cbd99268 (webtiles) character file.

Game seed: 12485923201681380469 (custom seed)

5 innerfire43 the Ruffian (level 1, 0/16 HPs)
             Began as a Gnoll Shapeshifter on Aug 23, 2023.
             Slain by an endoplasm (2 damage)
             ... on level 1 of the Dungeon.
             The game lasted 00:00:17 (180 turns).

innerfire43 the Ruffian (Gnoll Shapeshifter)         Turns: 180, Time: 00:00:18

Health: 0/16       AC:  2    Str: 14    XL:     1   Next: 80%
Magic:  1/1        EV: 13    Int:  7    God:
Gold:   0          SH:  0    Dex: 12    Spells: 0/0 levels left

rFire   . .          .
                       - Unarmed
rCold   . . .        (shield currently unavailable)
rNeg    . . .        a - +0 animal skin
rPois   .            (no helmet)
rElec   .            (no cloak)
rCorr   .            (no gloves)
SInv    .            (no boots)
Will    .....        (no amulet)
Stlth   +            (no ring)
HPRegen 0.22/turn    (no ring)
MPRegen 0.07/turn

%: no passive effects
@: flux-form, glowing
A: glow, contaminating, reduced hp, fangs 1, strong nose, distributed training
a: Begin Untransformation


You were on level 1 of the Dungeon.
You were something dangerously unstable.
You visited 1 branch of the dungeon, and saw 1 of its levels.

Inventory:

Armour
 a - a +0 animal skin (worn)
Talismans
 c - a beast talisman
 d - a flux talisman (active)
Potions
 b - a potion of lignification


   Skills:
 + Level 2.4 Fighting
 + Level 0.1 Short Blades
 + Level 0.1 Long Blades
 + Level 0.1 Axes
 + Level 0.1 Maces & Flails
 + Level 0.1 Polearms
 + Level 0.1 Staves
 + Level 0.1 Ranged Weapons
 + Level 0.1 Throwing
 + Level 0.1 Armour
 + Level 4.4 Dodging
 + Level 0.1 Stealth
 + Level 0.1 Shields
 + Level 6.4 Unarmed Combat
 + Level 0.1 Spellcasting
 + Level 0.1 Conjurations
 + Level 0.1 Hexes
 + Level 0.1 Summonings
 + Level 0.1 Necromancy
 + Level 0.1 Translocations
 + Level 0.1 Transmutations
 + Level 0.1 Fire Magic
 + Level 0.1 Ice Magic
 + Level 0.1 Air Magic
 + Level 0.1 Earth Magic
 + Level 0.1 Poison Magic
 + Level 0.2 Invocations
 + Level 0.1 Evocations
 + Level 6.4 Shapeshifting


You couldn't memorise any spells.
You didn't know any spells.
Your spell library was empty.

Dungeon Overview and Level Annotations

Branches:
Dungeon (1/15)

Altars:


Innate Abilities, Weirdness & Mutations

You are something dangerously unstable.
You glow with magical radiation, making you easy to see and hit.
Foes you strike become dangerously contaminated with magical radiation.
Your maximum health is decreased, since you lack skill for your form.
You are incapable of wielding weapons or throwing items.
You have very sharp teeth.
Your uncanny sense of smell can sniff out nearby items.
Your experience applies equally to all skills.


Message History

a +0 dagger; a goblin corpse An endoplasm comes into view.
A hobgoblin comes into view.
The hobgoblin shouts!
A goblin comes into view. It is wielding a +0 club.
There are monsters nearby!
There are monsters nearby!
A hobgoblin comes into view.
The hobgoblin shouts!
The goblin shouts!
A hobgoblin comes into view.
Found a whip.
The hobgoblin shouts!
There are monsters nearby!
The hobgoblin hits you.
There are monsters nearby!
You hit the hobgoblin.
The hobgoblin begins to glow.
The hobgoblin is severely wounded.
The hobgoblin barely misses you.
There are monsters nearby!
You hit the hobgoblin but do no damage.
The hobgoblin glows dangerously bright.
The hobgoblin is severely wounded.
The endoplasm freezes you.
You are frozen.
The goblin hits you with a +0 club. The hobgoblin completely misses you.
There are monsters nearby!
You are too injured to fight recklessly!
There are monsters nearby!
You are too injured to fight recklessly!
You are too injured to fight recklessly!
You hit the hobgoblin.
The hobgoblin begins to glow.
The hobgoblin is almost dead.
The endoplasm hits you but does no damage.
The hobgoblin closely misses you. The goblin hits you with a +0 club.
The hobgoblin hits you.
* * * LOW HITPOINT WARNING * * *
The hobgoblin completely misses you.
You hit the hobgoblin.
You kill the hobgoblin!
The endoplasm hits you.
You die...

†....# ## #....#
..............#
#....##.# #..........#
.....#..# #..........#
#.##...####..........#
#.#..................#
...>##### #..........#
.)..# #....gJg...#
..#.## #.....Bg...#
.....# #..........#
.....# ####.##.#####
.....#####....##.#
.......#...#####..
.....#.).### ..)#
....%.....# #.##
.....####...# ..#
.....# ..##


You could see an endoplasm, 2 hobgoblins and a goblin.

Vanquished Creatures
  2 hobgoblins (D:1)
  A kobold (D:1)
  A quokka (D:1)
  A ball python (D:1)
  A goblin (D:1)
6 creatures vanquished.

Notes
Turn   | Place    | Note
-------+----------+-------------------------------------------
     0 | D:1      | innerfire43 the Gnoll Shapeshifter began the quest for the
                  | Orb.
     0 | D:1      | Reached XP level 1. HP: 17/17 MP: 1/1
   180 | D:1      | Slain by an endoplasm

Illustrated notes

Levels and vault maps discovered:
D:1:      lightli_arrival_maybe_door_vault, layout_rooms, kennysheep_nondescript

Action                     || total
---------------------------++-------
  Melee: Unarmed           ||    28
         Bite              ||     2
 Armour: Animal skin       ||     6
  Dodge: Dodged            ||    14
   Form: Flux              ||     1

Table legend: (Time is in decaauts)
 A = Elapsed time spent in this place.
 B = Non-inter-level travel time spent in this place.
 C = Inter-level travel time spent in this place.
 D = Time resting spent in this place.
 E = Time spent auto-exploring this place.
 F = Levels seen in this place.
 G = Mean time per level.
                   A        B        C        D        E       F      G
               +--------+--------+--------+--------+--------+-----+--------+
         Total |    176 |    176 |      0 |      0 |    125 |   1 |  176.0 |
       Dungeon |    176 |    176 |      0 |      0 |    125 |   1 |  176.0 |
               +--------+--------+--------+--------+--------+-----+--------+

Top non-repeatable levels by time:
     D:1: 176 daAuts
